cohdb
Replays
Latest Replays
All Replays
Popular Replays
Top Player Replays
Match Explorer
How It Works
Community
CoH3 Stats
Reddit
Sign in to upload your games and track your stats! →
Sign in with Steam
Match 39162494
Unlisted
Match 39162494
Overview
Messages
Build Orders
End
Scout Squad
Selects Airborne Battlegroup
Selects Pathfinders
Construct Weapon Support Center
M1919 Machine Gun Team
M1919 Machine Gun Team
Sniper
Infantry Support Center
Construct Medical Station
Selects Paratrooper Squad Paradrop
Paratrooper Squad Paradrop
M3 Armored Personnel Carrier
Paratrooper Squad Paradrop
Selects Anti-tank Gun Team Paradrop
Anti-tank Gun Team Paradrop
Construct Tank Depot
Paratrooper Squad Paradrop
Selects Recon Loiter
M18 Hellcat Tank Destroyer
Engineer Squad
Selects Supply Drop
[B2B] Totino the Pizza Boy
Jar Jar Binx
Tanith's Finest
Pioneer
209
↯↯ Blítzkrieg
0
0
Comments
sign in to comment!
No comments posted yet!